 Dungeon Crawl Stone Soup version 0.32-a0-918-g0f22ef8d61 (webtiles) character file.

Game seed: 15819329828122757671

415 RBrandon the Chopper (level 6, -8/75 HPs)
             Began as a Coglin Berserker on Apr 10, 2024.
             Was a Believer of Trog.
             Shot with a bolt by an orc warrior (12 damage)
             ... on level 4 of the Dungeon.
             The game lasted 00:03:44 (2862 turns).

RBrandon the Chopper (Coglin Berserker)             Turns: 2862, Time: 00:03:44

Health: -8/75      AC:  2    Str: 20    XL:     6   Next: 92%
Magic:  6/6        EV: 11    Int:  6    God:    Trog [**....]
Gold:   130        SH:  0    Dex: 13    Spells: 5/5 levels left

rFire   . . .        a - +0 hand axe {Surin}
rCold   . . .        h - +0 long sword {Lin}
rNeg    . . .        b - +0 animal skin
rPois   .            (no helmet)
rElec   .            (no cloak)
rCorr   .            (no gloves)
SInv    .            (no boots)
Will    ++...        (amulet unavailable) Stlth
                     (ring unavailable)
HPRegen 1.32/turn    (ring unavailable)
MPRegen 0.10/turn    (no gizmo)

%: no passive effects
@: berserking, strong-willed, regenerating, revving, very quick
A: off-hand wielding, slow wielding, warmup strikes, no jewellery
a: Invent Gizmo, Renounce Religion, Berserk, Trog's Hand


You were on level 4 of the Dungeon.
You worshipped Trog.
Trog was pleased with you.
You visited 1 branch of the dungeon, and saw 4 of its levels.

You collected 130 gold pieces.

Inventory:

Hand Weapons
 a - a +0 hand axe (weapon) {Surin}
 c - a +0 dagger {Narong}
 h - a +0 long sword (offhand) {Lin}
Armour
 b - a +0 animal skin (worn)
Scrolls
 d - 3 scrolls of identify {unknown}
 f - a scroll of revelation {unknown}
 g - 2 scrolls of amnesia {unknown}
 j - a scroll of poison {unknown}
 m - a scroll of teleportation {unknown}
Potions
 e - 2 potions of curing {unknown}
 i - a potion of berserk rage {unknown}
 k - a potion of magic {unknown}
 l - 2 potions of haste {unknown}


   Skills:
 + Level 4.9 Fighting
 * Level 6.3 Axes
 - Level 1.7 Armour
 - Level 1.7 Dodging


You had 5 spell levels left.
You didn't know any spells.
Your spell library was empty.

Dungeon Overview and Level Annotations

Branches:
Dungeon (4/15)
 Temple: D:4-7

Altars:
Cheibriados
Elyvilon
Gozag
Hepliaklqana
Kikubaaqudgha
Nemelex Xobeh
Ru
Trog
Wu Jian


Innate Abilities, Weirdness & Mutations

You can wield a second weapon in your off-hand.
It takes a long time for you to wield or remove held weapons.
Your first few attacks do less damage.
You cannot equip rings or amulets.


Message History

A gnoll comes into view. It is wielding a +0 spear.
The gnoll bouda barks out a call to the hunt!
The gnolls pick up the pace!
You hear a shout!
You closely miss the orc with your +0 long sword.
You slash the orc with your +0 hand axe!
You kill the orc!
Trog accepts your kill.
A gnoll comes into view. It is wielding a +0 halberd.
The orc warrior shoots a bolt.
The bolt hits you!
* * * LOW HITPOINT WARNING * * *
You hit the gnoll bouda with your +0 long sword.
The gnoll bouda is moderately wounded.
You barely miss the gnoll bouda with your +0 hand axe.
The gnoll bouda barely misses you.
The orc warrior shoots a bolt.
The bolt closely misses you.
The bolt completely misses the gnoll bouda.
You slash the gnoll bouda with your +0 long sword!
You kill the gnoll bouda!
Trog accepts your kill.
You slash the gnoll with your +0 hand axe!
The orc warrior shoots a bolt.
The bolt closely misses you. The gnoll barely misses you.
You hit the gnoll with your +0 long sword.
You kill the gnoll!
Trog accepts your kill.
You hit the gnoll with your +0 hand axe.
The gnoll misses you. The gnoll closely misses you.
The orc warrior shoots a bolt.
The bolt hits you!!
* * * LOW HITPOINT WARNING * * *
The gnoll hits you with a +0 halberd.
* * * LOW HITPOINT WARNING * * *
The gnoll closely misses you. The gnoll barely misses you.
Things that are here:
9 gold pieces; a +0 whip; a gnoll corpse You barely miss the gnoll with your +0 long sword.
You hit the gnoll with your +0 hand axe. x2
You closely miss the gnoll with your +0 hand axe.
The orc warrior shoots a bolt.
The bolt hits you!
You die...

#################################
...).............................
.<.)).)..........................
...))))..................[.......
.................................
...............g)................
...............g@................
#####...........g..)..o..........
#.##.##..######'#########...#
####'######..##.####..###...#
#............#..(..#....#....
#............#.....#....#....
#............#.....#....#....
+............'.....#....'....
......##......##....#....#....


You could see an orc warrior and 3 gnolls.

Vanquished Creatures
  A sky beast (D:4)
  An orc priest (D:3)
  A gnoll bouda (D:4)
  Natasha (twice) (D:3)
  2 orc wizards (D:4)
  5 gnolls
  4 adders
  A dart slug (D:1)
  12 orcs
  7 endoplasms
  3 giant cockroaches
  4 goblins
  3 hobgoblins
  9 jackals
  4 quokkas
  2 ball pythons
  5 bats
  3 frilled lizards
  6 kobolds
  6 rats
81 creatures vanquished.

Notes
Turn   | Place    | Note
-------+----------+-------------------------------------------
     0 | D:1      | RBrandon the Coglin Berserker began the quest for the Orb.
     0 | D:1      | Reached XP level 1. HP: 18/18 MP: 1/1
   318 | D:1      | Reached XP level 2. HP: 24/24 MP: 2/2
   623 | D:1      | Reached XP level 3. HP: 18/29 MP: 3/3
   623 | D:1      | Reached ** piety under Trog
  1293 | D:2      | Reached skill level 4 in Axes
  1590 | D:2      | Found a faded altar of an unknown god.
  1596 | D:2      | Found a white marble altar of Elyvilon.
  1686 | D:2      | Reached XP level 4. HP: 37/37 MP: 4/4
  2040 | D:3      | Found an ornate altar of the Wu Jian Council.
  2129 | D:3      | Noticed Natasha
  2139 | D:3      | Killed Natasha
  2140 | D:3      | Reached XP level 5. HP: 9/42 MP: 5/5
  2264 | D:3      | Found an opulent altar of Gozag.
  2265 | D:3      | Found a bloodstained altar of Trog.
  2267 | D:3      | Found a snail-covered altar of Cheibriados.
  2290 | D:3      | Reached skill level 5 in Axes
  2342 | D:3      | Noticed Natasha
  2353 | D:3      | Killed Natasha
  2484 | D:3      | Found a hazy altar of Hepliaklqana.
  2528 | D:3      | Found a sparkling altar of Nemelex Xobeh.
  2530 | D:3      | Found a sacrificial altar of Ru.
  2530 | D:3      | Found an ancient bone altar of Kikubaaqudgha.
  2661 | D:4      | Reached XP level 6. HP: 49/49 MP: 6/6
  2760 | D:4      | Noticed a sky beast
  2768 | D:4      | Killed a sky beast
  2769 | D:4      | Reached skill level 6 in Axes
  2831 | D:4      | Noticed an orc warrior
  2861 | D:4      | HP: 3/75 [gnoll/+0 halberd[a gnoll bouda] (3)]
  2862 | D:4      | Shot with a bolt by an orc warrior

Illustrated notes

Levels and vault maps discovered:
D:1:      lemuel_arrival_funnel, layout_loops_corners, glass_columns_b
D:2:      layout_rooms, basic_altar, chequers_ecumenical_altar_island,
          chequers_serial_rivers_micro_d, wad_floor_pattern_2,
          grunt_ministairs_15, cheibrodos_gnoll_hut
D:3:      layout_rooms, nicolae_hepliaklqana_hazy_memory,
          nzn_wu_jian_contemplation, grunt_temple_overflow_open,
          kennysheep_nondescript, uniq_natasha
D:4:      layout_gridville, chequers_serial_rivers_room_a, uniq_ijyb

Skill      XL: |  1  2  3  4  5  6 |
---------------+-------------------+-----
Axes           | 4 5 6 |  6.3
Fighting       | 4 |  4.9
Armour         | |  1.7
Dodging        | |  1.7

Action                     |  1- 3 |  4- 6 || total
---------------------------+-------+-------++-------
  Melee: Hand axe          |    78 |    58 ||   136
         Dagger            |    50 |       ||    50
         Long sword        |    25 |    65 ||    90
 Invoke: Berserk           |       |     6 ||     6
         Trog's Hand       |       |     4 ||     4
   Stab: Sleeping          |     2 |     2 ||     4
 Armour: Animal skin       |    61 |    50 ||   111
  Dodge: Dodged            |    54 |    58 ||   112

Table legend: (Time is in decaauts)
 A = Elapsed time spent in this place.
 B = Non-inter-level travel time spent in this place.
 C = Inter-level travel time spent in this place.
 D = Time resting spent in this place.
 E = Time spent auto-exploring this place.
 F = Levels seen in this place.
 G = Mean time per level.
                   A        B        C        D        E       F      G
               +--------+--------+--------+--------+--------+-----+--------+
         Total |   2940 |   2795 |    145 |    396 |   1875 |   4 |  735.0 |
       Dungeon |   2940 |   2795 |    145 |    396 |   1875 |   4 |  735.0 |
               +--------+--------+--------+--------+--------+-----+--------+

Top non-repeatable levels by time:
     D:1: 1125 daAuts
     D:2: 889 daAuts
     D:3: 699 daAuts
     D:4: 226 daAuts

Levels and vault maps discovered:
D:1:      lemuel_arrival_funnel, layout_loops_corners, glass_columns_b
D:2:      layout_rooms, basic_altar, chequers_ecumenical_altar_island,
          chequers_serial_rivers_micro_d, wad_floor_pattern_2,
          grunt_ministairs_15, cheibrodos_gnoll_hut
D:3:      layout_rooms, nicolae_hepliaklqana_hazy_memory,
          nzn_wu_jian_contemplation, grunt_temple_overflow_open,
          kennysheep_nondescript, uniq_natasha
D:4:      layout_gridville, chequers_serial_rivers_room_a, uniq_ijyb

Table legend: (Time is in decaauts)
 A = Elapsed time spent in this place.
 B = Non-inter-level travel time spent in this place.
 C = Inter-level travel time spent in this place.
 D = Time resting spent in this place.
 E = Time spent auto-exploring this place.
 F = Levels seen in this place.
 G = Mean time per level.
                   A        B        C        D        E       F      G
               +--------+--------+--------+--------+--------+-----+--------+
         Total |   2940 |   2795 |    145 |    396 |   1875 |   4 |  735.0 |
       Dungeon |   2940 |   2795 |    145 |    396 |   1875 |   4 |  735.0 |
               +--------+--------+--------+--------+--------+-----+--------+

Top non-repeatable levels by time:
     D:1: 1125 daAuts
     D:2: 889 daAuts
     D:3: 699 daAuts
     D:4: 226 daAuts

Table legend:
 A = Kills in this place as a percentage of kills in the entire game.
 B = Kills by you in this place as a percentage of kills by you in the entire game.
 C = Kills by friends in this place as a percentage of kills by friends in the entire game.
 D = Other kills in this place as a percentage of other kills in the entire game.
 E = Experience gained in this place as a percentage of experience gained in the entire game.
 F = Experience gained in this place divided by the number of levels of this place that you have seen.
                   A       B       C       D       E      F
               +-------+-------+-------+-------+-------+----------------------
         Total | 100.0 | 100.0 |   N/A |   N/A | 100.0 | 148.5
       Dungeon | 100.0 | 100.0 |   N/A |   N/A | 100.0 | 148.5
               +-------+-------+-------+-------+-------+----------------------
